TOP OF THE 1ST |
Lakeland Flying Tigers batting - Pitching for Tampa Yankees : RHP Matt Barber
|
Pitching: RHP Matt Barber
|
|
Batting: LHB Dario Ambriz
|
0-0: Called Strike 0-1: Ball 1-1: SINGLE (Line Drive, 89M, EV 101.3 MPH)
|
Batting: RHB Francisco Jimenez
|
0-0: Ball Dario Ambriz steals 2nd base 1-0: Ground out 3-1 (Groundball, 13, EV 78.8 MPH) Dario Ambriz to third
|
Batting: RHB Mike O'Neal
|
0-0: Ball 1-0: Called Strike 1-1: Ball 2-1: Ground out 3-1 (Groundball, 34S, EV 91.3 MPH) Dario Ambriz scores
|
Batting: RHB John Wirth
|
0-0: Ball 1-0: SINGLE (Line Drive, 56D, EV 110.0 MPH)
|
Batting: RHB David Salmeron
|
0-0: Ball John Wirth steals 2nd base 1-0: Called Strike 1-1: Swinging Strike 1-2: Ball 2-2: Foul Ball, location: 3F 2-2: Strikes out swinging
|
Top of the 1st over - 1 run, 2 hits, 0 errors, 1 left on base; Lakeland 1 - Tampa 0 |
BOTTOM OF THE 1ST |
Tampa Yankees batting - Pitching for Lakeland Flying Tigers : RHP Robby Crowell
|
Pitching: RHP Robby Crowell
|
|
Batting: RHB Nick Hale
|
0-0: Called Strike 0-1: Ball 1-1: Called Strike 1-2: Foul Ball, location: 3SF 1-2: Strikes out swinging
|
Batting: RHB Juan Velasco
|
0-0: Ball 1-0: Foul Ball, location: 7LDF 1-1: Swinging Strike 1-2: Strikes out swinging
|
Batting: RHB Mike Schock
|
0-0: Ball 1-0: Ball 2-0: DOUBLE (Line Drive, 3D, EV 97.5 MPH)
|
Batting: RHB John Bowsman
|
0-0: Foul Ball, location: 3FF 0-1: Ball 1-1: Foul Ball, location: 3F 1-2: Foul Ball, location: 2F 1-2: Ball 2-2: Ball 3-2: Ground out 4-3 (Groundball, 4, EV 83.1 MPH)
|
Bottom of the 1st over - 0 runs, 1 hit, 0 errors, 1 left on base; Lakeland 1 - Tampa 0 |
TOP OF THE 2ND |
Lakeland Flying Tigers batting - Pitching for Tampa Yankees : RHP Matt Barber
|
Batting: LHB Mike Worden
|
0-0: Ball 1-0: Ball 2-0: Called Strike 2-1: Called Strike 2-2: Reached via error on a dropped throw from 1B, E1 (Groundball, 34, EV 108.8 MPH)
|
Batting: RHB Yang-joo Chon
|
0-0: Ball 1-0: Grounds into double play, 5-4-3 (Groundball, 56, EV 110.6 MPH)
|
Batting: SHB Nate Hill
|
0-0: Ball 1-0: Called Strike 1-1: Ball 2-1: Ground out 5-3 (Groundball, 56S, EV 83.8 MPH)
|
Top of the 2nd over - 0 runs, 0 hits, 1 error, 0 left on base; Lakeland 1 - Tampa 0 |
BOTTOM OF THE 2ND |
Tampa Yankees batting - Pitching for Lakeland Flying Tigers : RHP Robby Crowell
|
Batting: LHB Joey Meyer
|
0-0: Called Strike 0-1: Ball 1-1: Fly out, F7 (Flyball, 7D, EV 106.3 MPH)
|
Batting: LHB Steve McCabe
|
0-0: Ball 1-0: Ball 2-0: Called Strike 2-1: Foul Ball, location: 7LMFF 2-2: Strikes out swinging
|
Batting: RHB Fernando Nunez
|
0-0: Ground out 5-3 (Groundball, 56, EV 82.5 MPH)
|
Bottom of the 2nd over - 0 runs, 0 hits, 0 errors, 0 left on base; Lakeland 1 - Tampa 0 |
TOP OF THE 3RD |
Lakeland Flying Tigers batting - Pitching for Tampa Yankees : RHP Matt Barber
|
Batting: RHB Steve Bruno
|
0-0: Foul Ball, location: 2F 0-1: Ball 1-1: Swinging Strike 1-2: Ground out 5-3 (Groundball, 56, EV 87.5 MPH)
|
Batting: LHB Dario Ambriz
|
0-0: Called Strike 0-1: Foul Ball, location: 7LDF 0-2: Ball 1-2: Strikes out swinging
|
Batting: RHB Francisco Jimenez
|
0-0: Ball 1-0: Ball 2-0: Ball 3-0: Called Strike 3-1: Called Strike 3-2: Fly out, F7 (Flyball, 7, EV 89.4 MPH)
|
Top of the 3rd over - 0 runs, 0 hits, 0 errors, 0 left on base; Lakeland 1 - Tampa 0 |
BOTTOM OF THE 3RD |
Tampa Yankees batting - Pitching for Lakeland Flying Tigers : RHP Robby Crowell
|
Batting: SHB Mike Larsen
|
0-0: Foul Ball, location: 5FF 0-1: Foul Ball, location: 9LDF 0-2: Strikes out swinging
|
Batting: RHB Juan Gomez
|
0-0: Called Strike 0-1: Ball 1-1: Ball 2-1: Ball 3-1: Base on Balls
|
Batting: RHB Nick Hale
|
0-0: Called Strike 0-1: Ball 1-1: Ball 2-1: Ball 3-1: Base on Balls Juan Gomez to second
|
Batting: RHB Juan Velasco
|
0-0: Sac Bunt to 13 - play at third, runner OUT! 1-5 Nick Hale to second
|
Batting: RHB Mike Schock
|
0-0: SINGLE (Line Drive, 7S, EV 98.8 MPH) Nick Hale to third Juan Velasco to second
|
Batting: RHB John Bowsman
|
0-0: Ball 1-0: Ball 2-0: Fielders Choice at 2nd, 6-4 (Groundball, 56, EV 85.6 MPH)
|
Bottom of the 3rd over - 0 runs, 1 hit, 0 errors, 3 left on base; Lakeland 1 - Tampa 0 |
TOP OF THE 4TH |
Lakeland Flying Tigers batting - Pitching for Tampa Yankees : RHP Matt Barber
|
Batting: RHB Mike O'Neal
|
0-0: Ground out 6-3 (Groundball, 6S, EV 70.0 MPH)
|
Batting: RHB John Wirth
|
0-0: DOUBLE (Flyball, 78D, EV 98.8 MPH)
|
Batting: RHB David Salmeron
|
0-0: Foul Ball, location: 2F 0-1: Called Strike 0-2: Foul Ball, location: 9LDF 0-2: Strikes out swinging
|
Batting: LHB Mike Worden
|
0-0: Ball 1-0: Foul Ball, location: 2F 1-1: Ball 2-1: Fly out, F8 (Line Drive, 8RS, EV 89.4 MPH)
|
Top of the 4th over - 0 runs, 1 hit, 0 errors, 1 left on base; Lakeland 1 - Tampa 0 |
BOTTOM OF THE 4TH |
Tampa Yankees batting - Pitching for Lakeland Flying Tigers : RHP Robby Crowell
|
Batting: LHB Joey Meyer
|
0-0: Called Strike 0-1: Called Strike 0-2: Foul Ball, location: 2F 0-2: Ground out 4-3 (Groundball, 4S, EV 79.4 MPH)
|
Batting: LHB Steve McCabe
|
0-0: Fly out, F9 (Line Drive, 9S, EV 100.0 MPH)
|
Batting: RHB Fernando Nunez
|
0-0: Swinging Strike 0-1: Fly out, F1 (Popup, P, EV 91.3 MPH)
|
Bottom of the 4th over - 0 runs, 0 hits, 0 errors, 0 left on base; Lakeland 1 - Tampa 0 |
TOP OF THE 5TH |
Lakeland Flying Tigers batting - Pitching for Tampa Yankees : RHP Matt Barber
|
Batting: RHB Yang-joo Chon
|
0-0: Ball 1-0: Called Strike 1-1: Swinging Strike 1-2: SINGLE (Line Drive, 34D, EV 74.4 MPH)
|
Batting: SHB Nate Hill
|
0-0: Called Strike 0-1: Called Strike Yang-joo Chon steals 2nd base 0-2: Fly out, F8 (Line Drive, 8RM, EV 100.6 MPH)
|
Batting: RHB Steve Bruno
|
0-0: Foul Ball, location: 2F 0-1: Called Strike 0-2: Foul Ball, location: 2F 0-2: Strikes out swinging
|
Batting: LHB Dario Ambriz
|
0-0: Called Strike 0-1: Foul Ball, location: 7LMF 0-2: Strikes out swinging
|
Top of the 5th over - 0 runs, 1 hit, 0 errors, 1 left on base; Lakeland 1 - Tampa 0 |
BOTTOM OF THE 5TH |
Tampa Yankees batting - Pitching for Lakeland Flying Tigers : RHP Robby Crowell
|
Batting: SHB Mike Larsen
|
0-0: Called Strike 0-1: Ball 1-1: Called Strike 1-2: Ball 2-2: Foul Ball, location: 23FF 2-2: Strikes out swinging
|
Batting: RHB Juan Gomez
|
0-0: Foul Ball, location: 2RF 0-1: SINGLE (Line Drive, 9S, EV 88.8 MPH)
|
Batting: RHB Nick Hale
|
0-0: Ball 1-0: Ground out U3 (Groundball, 3S, EV 61.3 MPH) Juan Gomez to second
|
Batting: RHB Juan Velasco
|
0-0: Ball 1-0: Foul Ball, location: 5DF 1-1: Ball 2-1: Fly out, F7 (Flyball, 78M, EV 89.4 MPH)
|
Bottom of the 5th over - 0 runs, 1 hit, 0 errors, 1 left on base; Lakeland 1 - Tampa 0 |
TOP OF THE 6TH |
Lakeland Flying Tigers batting - Pitching for Tampa Yankees : RHP Matt Barber
|
Batting: RHB Francisco Jimenez
|
0-0: Called Strike 0-1: Fly out, F6 (Line Drive, 6D, EV 66.9 MPH)
|
Batting: RHB Mike O'Neal
|
0-0: Ball 1-0: Ground out 4-3 (Groundball, 4, EV 88.8 MPH)
|
Batting: RHB John Wirth
|
0-0: Ball 1-0: Foul Ball, location: 3DF 1-1: SINGLE (Line Drive, 7S, EV 91.9 MPH)
|
Batting: RHB David Salmeron
|
0-0: SINGLE (Groundball, 56, EV 108.8 MPH) John Wirth to second
|
Batting: LHB Mike Worden
|
0-0: Ball 1-0: Foul Ball, location: 7LSF 1-1: Foul Ball, location: 5SF 1-2: Ball 2-2: Fly out, F7 (Flyball, 7, EV 93.1 MPH)
|
Top of the 6th over - 0 runs, 2 hits, 0 errors, 2 left on base; Lakeland 1 - Tampa 0 |
BOTTOM OF THE 6TH |
Tampa Yankees batting - Pitching for Lakeland Flying Tigers : RHP Robby Crowell
|
Batting: RHB Mike Schock
|
0-0: Ball 1-0: Foul Ball, location: 2F 1-1: Foul Ball, location: 7LDF 1-2: Ball 2-2: Ground out 6-3 (Groundball, 6S, EV 93.1 MPH)
|
Batting: RHB John Bowsman
|
0-0: Ball 1-0: Fly out, F7 (Flyball, 7, EV 92.5 MPH)
|
Batting: LHB Joey Meyer
|
0-0: Ball 1-0: Ball 2-0: Ball 3-0: Base on Balls
|
Batting: LHB Steve McCabe
|
0-0: Ball 1-0: Ball 2-0: Called Strike 2-1: Foul Ball, location: 2F 2-2: Ball 3-2: Foul Ball, location: 7LDF 3-2: Base on Balls Joey Meyer to second
|
Batting: RHB Fernando Nunez
|
0-0: Called Strike 0-1: Ball 1-1: Foul Ball, location: 5DF 1-2: Ball 2-2: Strikes out looking
|
Bottom of the 6th over - 0 runs, 0 hits, 0 errors, 2 left on base; Lakeland 1 - Tampa 0 |
TOP OF THE 7TH |
Lakeland Flying Tigers batting - Pitching for Tampa Yankees : RHP Matt Barber
|
Batting: RHB Yang-joo Chon
|
0-0: Called Strike 0-1: Ball 1-1: Ball 2-1: Ball 3-1: Base on Balls
|
Pitching: RHP Mario Guadamuz
|
|
Batting: SHB Nate Hill
|
0-0: Bunt - Flyout to 2L! F2
|
Batting: RHB Steve Bruno
|
0-0: Fly out, F7 (Line Drive, 7S, EV 93.1 MPH)
|
Batting: LHB Dario Ambriz
|
0-0: Called Strike 0-1: Foul Ball, location: 25FF 0-2: Strikes out swinging
|
Top of the 7th over - 0 runs, 0 hits, 0 errors, 1 left on base; Lakeland 1 - Tampa 0 |
BOTTOM OF THE 7TH |
Tampa Yankees batting - Pitching for Lakeland Flying Tigers : RHP Robby Crowell
|
Batting: SHB Mike Larsen
|
0-0: Ball 1-0: Called Strike 1-1: Swinging Strike 1-2: Ball 2-2: Ball 3-2: Ground out 6-3 (Groundball, 6, EV 101.9 MPH)
|
Batting: RHB Juan Gomez
|
0-0: Foul Ball, location: 7LMF 0-1: Fly out, F7 (Flyball, 78S, EV 83.8 MPH)
|
Batting: RHB Nick Hale
|
0-0: Foul Ball, location: 2F 0-1: Ball 1-1: Foul Ball, location: 23F 1-2: Fly out, F8 (Flyball, 8LM, EV 92.5 MPH)
|
Bottom of the 7th over - 0 runs, 0 hits, 0 errors, 0 left on base; Lakeland 1 - Tampa 0 |
TOP OF THE 8TH |
Lakeland Flying Tigers batting - Pitching for Tampa Yankees : RHP Mario Guadamuz
|
Batting: RHB Francisco Jimenez
|
0-0: Ball 1-0: Ball 2-0: Ball 3-0: Called Strike 3-1: Called Strike 3-2: Foul Ball, location: 3SF 3-2: SINGLE (Flyball, 9, EV 93.1 MPH)
|
Batting: RHB Mike O'Neal
|
0-0: Called Strike 0-1: 2-RUN HOME RUN (Flyball, 8LXD, EV 110.6 MPH), Distance : 455 ft
|
Batting: RHB John Wirth
|
0-0: Swinging Strike 0-1: Swinging Strike 0-2: Strikes out looking
|
Batting: RHB David Salmeron
|
0-0: SINGLE (Line Drive, 56D, EV 100.6 MPH)
|
Batting: LHB Mike Worden
|
0-0: Ball 1-0: Ball 2-0: Ball 3-0: Called Strike 3-1: Ground out 3-1 (Groundball, 34S, EV 87.5 MPH) David Salmeron to second
|
Batting: RHB Yang-joo Chon
|
0-0: Called Strike 0-1: Called Strike 0-2: Ball 1-2: Foul Ball, location: 3DF 1-2: Foul Ball, location: 3F 1-2: Foul Ball, location: 2F 1-2: Strikes out swinging
|
Top of the 8th over - 2 runs, 3 hits, 0 errors, 1 left on base; Lakeland 3 - Tampa 0 |
BOTTOM OF THE 8TH |
Tampa Yankees batting - Pitching for Lakeland Flying Tigers : RHP Robby Crowell
|
Batting: RHB Juan Velasco
|
0-0: Fly out, F4 (Line Drive, 4MD, EV 68.1 MPH)
|
Batting: RHB Mike Schock
|
0-0: Ground out 6-3 (Groundball, 6, EV 79.4 MPH)
|
Batting: RHB John Bowsman
|
0-0: Ball 1-0: Called Strike 1-1: Ball 2-1: Foul Ball, location: 3FF 2-2: Ball 3-2: Ground out 6-3 (Groundball, 6MD, EV 87.5 MPH)
|
Bottom of the 8th over - 0 runs, 0 hits, 0 errors, 0 left on base; Lakeland 3 - Tampa 0 |
TOP OF THE 9TH |
Lakeland Flying Tigers batting - Pitching for Tampa Yankees : RHP Mario Guadamuz
|
Batting: SHB Nate Hill
|
0-0: Ball 1-0: Foul Ball, location: 7LMFF 1-1: Ball 2-1: Called Strike 2-2: Strikes out swinging
|
Batting: RHB Steve Bruno
|
0-0: Ball 1-0: Fly out, F9 (Line Drive, 9S, EV 93.1 MPH)
|
Batting: LHB Dario Ambriz
|
0-0: Swinging Strike 0-1: Ground out 1-3 (Groundball, P, EV 70.0 MPH)
|
Top of the 9th over - 0 runs, 0 hits, 0 errors, 0 left on base; Lakeland 3 - Tampa 0 |
BOTTOM OF THE 9TH |
Tampa Yankees batting - Pitching for Lakeland Flying Tigers : RHP Robby Crowell
|
Batting: LHB Joey Meyer
|
0-0: Ground out 4-3 (Groundball, 4, EV 84.4 MPH)
|
Batting: LHB Steve McCabe
|
0-0: Ball 1-0: Ball 2-0: Fly out, F9 (Flyball, 89M, EV 95.0 MPH)
|
Batting: RHB Fernando Nunez
|
0-0: Ground out 6-3 (Groundball, 6, EV 105.0 MPH)
|
Bottom of the 9th over - 0 runs, 0 hits, 0 errors, 0 left on base; Lakeland 3 - Tampa 0 |
|